 Dungeon Crawl Stone Soup version 0.27.0-1-g7a089689b8 (webtiles) character file.

Game seed: 7674833395144947898

23 gimp the Charlatan (level 3, -4/21 HPs)
             Began as a Gargoyle Artificer on Aug 9, 2021.
             Slain by Terence (7 damage)
             ... on level 1 of the Dungeon.
             The game lasted 00:04:13 (1242 turns).

gimp the Charlatan (Gargoyle Artificer)             Turns: 1242, Time: 00:04:13

Health: -4/21      AC: 15    Str: 16    XL:     3   Next: 0%
Magic:  3/3        EV:  6    Int: 11    God:
Gold:   15         SH:  0    Dex: 10    Spells: 2/2 levels left

rFire    + . .     SeeInvis .   k - +0 short sword
rCold    + . .     Faith    .   (no shield)
rNeg     + . .     Spirit   .   i - +0 plate armour
rPois    ∞         Reflect  .   l - +0 helmet
rElec    +         Harm     .   h - scarf {rC+ rF+}
rCorr    .         Rampage  .   (no gloves)
Will     .....                  (no boots)
Stlth    ..........             (no amulet)
HPRegen  0.07/turn              (no ring)
MPRegen  0.08/turn              (no ring)

@: brilliant
A: sickness immunity, AC +3, negative energy resistance 1, electricity
resistance, torment resistance 1, petrification resistance, sturdy frame 1
a: no special abilities


You were on level 1 of the Dungeon.
You visited 1 branch of the dungeon, and saw 2 of its levels.

You collected 15 gold pieces.

Inventory:

Hand Weapons
 k - a +0 short sword (weapon)
Armour
 h - a scarf of resistance (worn)
 i - a +0 plate armour (worn)
 l - a +0 helmet (worn)
Wands
 c - a wand of flame (12) (quivered)
 d - a wand of charming (11)
Scrolls
 f - a scroll of vulnerability {unknown}
Potions
 j - a potion of might {unknown}
Miscellaneous
 e - a piece from Xom's chessboard (9/15)


   Skills:
 * Level 2.1 Fighting
 * Level 2.9 Armour
 - Level 0.7 Dodging
 - Level 1.1 Stealth
 + Level 2.9 Evocations


You had 2 spell levels left.
You didn't know any spells.
Your spell library was empty.

Dungeon Overview and Level Annotations

Branches:
Dungeon (2/15)

Altars:

Shops:
D:2 ?[

Annotations:
D:1 Terence


Innate Abilities, Weirdness & Mutations

You are immune to sickness and miasma.
Your stone body is resilient. (AC +3)
You are immune to poison.
You resist negative energy. (rN+)
You are resistant to electric shocks. (rElec)
You are resistant to unholy torment.
You are immune to petrification.
Your movements are slightly less encumbered by armour. (ER -2)


Message History

There is an open door here.
There is an open door here.
You see here a ball python corpse.
You close the door, pushing everything out of the way.
Terence opens the door.
Terence says, "How do you enjoy it?"
Found Vanam's Magic Scroll Boutique.
There is an entrance to Vanam's Magic Scroll Boutique here.
You can access your shopping list by pressing '$'.
Found a scroll labelled ZYNOME LORA.
Autopickup is now off.
You see here a scroll labelled ZYNOME LORA.
Autopickup is now on.
Found an escape hatch in the ceiling.
There is an escape hatch in the ceiling here.
You make a move on Xom's chessboard...
Terence resists with significant effort.
You make a move on Xom's chessboard...
Terence seems to speed up.
Terence shouts, "Get ready for death!"
Terence hits you with a +5 flail of protection.
You take 3 damage, and have 18/21 hp.
Terence completely misses you. A mysterious force pulls you upwards.
The hatch slams shut behind you.
You make a move on Xom's chessboard...
Terence is outlined in light.
Terence completely misses you. Terence hits you but does no damage.
You make a move on Xom's chessboard...
Terence struggles to resist.
Terence hits you with a +5 flail of protection!
You take 7 damage, and have 11/21 hp.
MASSIVE DAMAGE!!
It was a potion of brilliance.
You feel clever all of a sudden.
Terence hits you with a +5 flail of protection!
* * * LOW HITPOINT WARNING * * *
Terence hits you but does no damage.
You take 7 damage, and have 4/21 hp.
MASSIVE DAMAGE!!
It was a potion of mutation.
You feel extremely strange.
You feel less encumbered by your armour.
Terence hits you with a +5 flail of protection.
* * * LOW HITPOINT WARNING * * *
Terence hits you with a +5 flail of protection!
You die...

##......####
#.##..#...
#####......#
#.##..#...
#..........#
#.##.(+...
#..........#####
#.##..#...
#..............#
#h##.÷##'#
#.....##.......#
#.##......
########.......#
#.##......
#...@..#####.########
#...@.....##.########
#......##.##.........
#......##.#######.###
#......##.# #.#..
#.........# #.#.#
#####.##### #.#.. #.#
#.### ########.#
#.... #..._.##.#
#####


You could see Terence (fast, corona).

Vanquished Creatures
  A dart slug (D:2)
  A bat (D:1)
  3 endoplasms
  A hobgoblin (D:1)
  7 jackals (D:1)
  A quokka (D:1)
  2 ball pythons
  A frilled lizard (D:2)
  2 rats (D:1)
19 creatures vanquished.

Vanquished Creatures (collateral kills)
  A jackal (D:1)
1 creature vanquished.

Vanquished Creatures (others)
  A giant cockroach (D:1)
  2 jackals (D:1)
3 creatures vanquished.

Grand Total: 23 creatures vanquished

Notes
Turn   | Place    | Note
-------+----------+-------------------------------------------
     0 | D:1      | gimp the Gargoyle Artificer began the quest for the Orb.
     0 | D:1      | Reached XP level 1. HP: 12/12 MP: 1/1
   246 | D:1      | Reached XP level 2. HP: 8/16 MP: 2/2
   704 | D:1      | Found a faded altar of an unknown god.
  1041 | D:2      | Reached XP level 3. HP: 12/21 MP: 3/3
  1162 | D:2      | Found Momedd's Armour Shop.
  1176 | D:2      | Noticed Terence
  1208 | D:2      | Found Vanam's Magic Scroll Boutique.
  1242 | D:1      | Gained mutation: Your movements are slightly less
                  | encumbered by armour. (ER -2) [potion of mutation]
  1242 | D:1      | Slain by Terence

Illustrated notes

Levels and vault maps discovered:
D:1:      lemuel_arrival_room, layout_basic, basic_ecumenical_altar
D:2:      layout_loops_corners, serial_shops, nicolae_shop_trees,
          nicolae_diamond_shop, nicolae_shop_window_shopping, shop, basic_altar,
          uniq_terence

Skill      XL: |  1  2 |
---------------+-------+-----
Fighting       | 2 |  2.1
Armour         | |  2.9
Dodging        | |  0.7
Stealth        | |  1.1
Evocations     | |  2.9

Action                   || total
-------------------------++-------
Melee: Club              ||    46
       Short sword       ||    26
Evoke: Wand              ||     7
       Piece from Xom's  ||     6
  Use: Potion            ||     2
 Stab: Sleeping          ||     1
Armor: Leather armour    ||    24
       Plate armour      ||    22
Dodge: Dodged            ||    47
